 Dungeon Crawl Stone Soup version 0.29-a0-317-gd16b76e6b1 (webtiles) character file.

Game seed: 6993980732133880143

1535 Ijustatesigmund the Skirmisher (level 8, 0/52 HPs)
             Began as a Gargoyle Wanderer on Mar 30, 2022.
             Was a Follower of Cheibriados.
             Slain by a gnoll
             ... wielding a +2 flail of protection
              (6 damage)
             ... on level 6 of the Dungeon.
             The game lasted 00:15:38 (6482 turns).

Ijustatesigmund the Skirmisher (Gargoyle Wanderer)  Turns: 6482, Time: 00:15:39

Health: 0/52       AC:  9    Str: 14    XL:     8   Next: 86%
Magic:  10/11      EV: 10    Int: 15    God:    Cheibriados [*.....]
Gold:   202        SH:  4    Dex: 15    Spells: 7/7 levels left

rFire   . . .      SeeInvis .   e - +0 flail
rCold   . . .      Faith    .   b - +0 buckler
rNeg    + . .      Spirit   .   d - +0 scale mail
rPois   ∞          Reflect  .   (helmet restricted)
rElec   +          Harm     .   v - +1 cloak
rCorr   .          Rampage  .   m - +0 pair of gloves
Will    +....                   u - +0 pair of boots
Stlth   ..........              j - amulet of regeneration
HPRegen 1.77/turn               q - ring of willpower
MPRegen 0.12/turn               (no ring)

@: corroded, very slow
A: sickness immunity, AC +5, negative energy resistance 1, electricity
resistance, torment resistance 1, petrification resistance, beak, regeneration
1, weak 1
a: Renounce Religion, Bend Time


You were on level 6 of the Dungeon.
You worshipped Cheibriados.
Cheibriados was aware of your devotion.
You visited 2 branches of the dungeon, and saw 7 of its levels.

You collected 293 gold pieces.
You spent 91 gold pieces at shops.

Inventory:

Hand Weapons
 a - a +4 hand crossbow
 e - a +0 flail (weapon)
Armour
 b - a +0 buckler (worn)
 d - a +0 scale mail (worn)
 m - a +0 pair of gloves (worn)
 r - a +0 helmet
 u - a +0 pair of boots (worn)
 v - a +1 cloak (worn)
Jewellery
 j - an amulet of regeneration (around neck)
 q - a ring of willpower (left hand)
Wands
 g - a wand of paralysis (1)
 l - a wand of digging (6)
 s - a wand of flame (15)
Scrolls
 c - a scroll of fog
 w - a scroll of identify
Potions
 f - 4 potions of curing
 h - 2 potions of lignification
 i - a potion of brilliance {unknown}
 k - 2 potions of flight
 n - 2 potions of degeneration {unknown}
 o - a potion of resistance {unknown}
 p - 2 potions of ambrosia {unknown}
 t - a potion of heal wounds {unknown}
 x - 2 potions of haste {unknown}


   Skills:
 + Level 6.4 Fighting
 + Level 5.9 Maces & Flails
 - Level 3.0 Crossbows
 - Level 1.0 Throwing
 - Level 5.4 Armour
 + Level 3.2 Dodging
 - Level 2.1 Shields
 + Level 4.1 Invocations


You had 7 spell levels left.
You didn't know any spells.
Your spell library contained the following spells:

 Spells                   Type           Power      Damage    Failure   Level
 Slow                     Hex            0%         N/A       80%         1
 Sting                    Tmut/Pois      0%         1d3       80%         1
 Ensorcelled Hibernation  Hex/Ice        0%         N/A       91%         2
 Poisonous Vapours        Pois/Air       0%         N/A       91%         2
 Call Canine Familiar     Summ           0%         N/A       99%         3
 Confusing Touch          Hex            0%         N/A       99%         3
 Frozen Ramparts          Ice            0%         1d2       99%         3
 Gell's Gravitas          Tloc           0%         N/A       99%         3
 Portal Projectile        Hex/Tloc       0%         N/A       99%         3
 Spider Form              Tmut/Pois      0%         N/A       99%         3
 Teleport Other           Tloc           0%         N/A       99%         3
 Vampiric Draining        Necr           0%         2d6       99%         3
 Anguish                  Hex/Necr       0%         N/A       100%        4
 Ice Form                 Ice/Tmut       0%         N/A       100%        4
 Leda's Liquefaction      Hex/Erth       0%         N/A       100%        4
 Olgreb's Toxic Radiance  Pois           0%         N/A       100%        4
 Summon Ice Beast         Ice/Summ       0%         N/A       100%        4
 Yara's Violent Unravell  Hex/Tmut       0%         3d3       100%        5
 Dispersal                Tloc           0%         N/A       100%        6
 Enfeeble                 Hex            0%         N/A       100%        7


Dungeon Overview and Level Annotations

Branches:
Dungeon (6/15)             Temple (1/1) D:4

Altars:
Ashenzari
Cheibriados
Dithmenos
Elyvilon
Gozag
Hepliaklqana
Kikubaaqudgha
Nemelex Xobeh
Qazlal
Ru
Sif Muna
Trog
Uskayaw
Vehumet
Xom
Yredelemnul
The Shining One

Shops:
D:4 (


Innate Abilities, Weirdness & Mutations

You are immune to sickness and miasma.
Your stone body is resilient. (AC +5)
You are immune to poison.
You resist negative energy. (rN+)
You are resistant to electric shocks. (rElec)
You are resistant to unholy torment.
You are immune to petrification.
You have a beak for a mouth.
Your natural rate of healing is unusually fast.
You are weak. (Str -2)


Message History

The jelly jiggles.
The jelly attacks as you move away! The jelly barely misses you.
The gnoll attacks as you move away! The gnoll closely misses you.
Your surroundings seem slightly different.
a - a +4 hand crossbow (weapon)
Shoot: a) +4 hand crossbow
Press: ? - help, Q - select action, (/) - cycle Shift-Dir - straight line, f - jelly
Aim: a jelly (almost dead, 91% to hit)
You shoot a bolt.
The bolt hits the jelly but does no damage.
The jelly is almost dead.
Shoot: a) +4 hand crossbow
Press: ? - help, Q - select action, (/) - cycle Shift-Dir - straight line, f/p - jelly
Aim: a jelly (almost dead, 91% to hit)
You shoot a bolt. The bolt hits the jelly.
The jelly is almost dead.
e - a +0 flail (weapon)
The jelly hits you.
You are splashed with acid.
The gnoll misses you.
You hit the jelly but do no damage.
Your hands burn!
You peck the jelly, but do no damage.
The jelly is almost dead.
The jelly hits you but does no damage.
The gnoll hits you from afar with a +0 spear.
The gnoll closely misses you.
You sock the jelly!
You kill the jelly!
Cheibriados appreciates the change of pace.
You block the gnoll's attack. The gnoll hits you but does no damage.
Your Invocations skill increases to level 4!
The gnoll hits you with a +2 flail of protection!
The gnoll barely misses you.
You hit the gnoll but do no damage. Your peck misses the gnoll.
The gnoll hits you but does no damage. x2; The gnoll hits you with a +0 spear!
* * * LOW HITPOINT WARNING * * *
The gnoll hits you with a +2 flail of protection.
* * * LOW HITPOINT WARNING * * *
You barely miss the gnoll. You peck the gnoll, but do no damage.
You block the gnoll's attack.
The gnoll hits you with a +2 flail of protection.
You die...

#######..#######..
#.................
#.................
#................. .
#................. ..
######...#########....
.#.#####..###...####.
#.... .
...................).
#.... ..
#.........g@........
#.... ...
#..........g........
#.... ....
######..............
#....
.....#...##..............
#....
.....).))................
#....
.....#.....†.............
#.... ....
#...##...##..##..##.
#.### ... ######...#####
..# ###+##. .. #.....
#......


You could see 2 gnolls.

Vanquished Creatures
  Prince Ribbit (D:5)
  Sigmund (D:2)
  An ice beast (D:5)
  2 ogres
  A necrophage (D:6)
  A gnoll sergeant (D:6)
  2 jellies
  An orc priest (D:4)
  4 hounds
  Natasha (thrice) (D:2)
  4 iguanas
  5 orc wizards
  Robin (D:2)
  3 gnolls (D:6)
  9 adders
  2 white imps
  3 worms
  2 dart slugs
  10 orcs
  7 ball pythons
  8 endoplasms
  3 giant cockroaches
  15 goblins
  7 hobgoblins
  4 jackals (D:1)
  4 quokkas
  9 bats
  4 frilled lizards
  10 kobolds
  5 rats
132 creatures vanquished.

Vanquished Creatures (collateral kills)
  2 jackals (D:4)
  A kobold (D:4)
3 creatures vanquished.

Grand Total: 135 creatures vanquished

Notes
Turn   | Place    | Note
-------+----------+-------------------------------------------
     0 | D:1      | Ijustatesigmund the Gargoyle Wanderer began the quest for
                  | the Orb.
     0 | D:1      | Ijustatesigmund set off with the following items: a +3 hand
                  | crossbow, a +0 buckler, a scroll of fog, a +0 leather
                  | armour
     0 | D:1      | Reached XP level 1. HP: 16/16 MP: 1/1
    16 | D:1      | Reached skill level 1 in Armour
    47 | D:1      | Reached XP level 2. HP: 20/20 MP: 2/2
    72 | D:1      | Found a faded altar of an unknown god.
   811 | D:1      | Reached XP level 3. HP: 24/24 MP: 3/3
  1081 | D:2      | Noticed Natasha
  1091 | D:2      | Killed Natasha
  1092 | D:2      | Reached skill level 1 in Maces & Flails
  1092 | D:2      | Reached XP level 4. HP: 19/30 MP: 4/4
  1221 | D:2      | Noticed Robin
  1225 | D:2      | Killed Robin
  1427 | D:2      | Noticed Sigmund
  1434 | D:2      | Killed Sigmund
  1435 | D:2      | Reached XP level 5. HP: 24/34 MP: 5/5
  1435 | D:2      | Reached XP level 6. HP: 28/39 MP: 6/6
  1460 | D:2      | Noticed Natasha
  1466 | D:2      | Killed Natasha
  1467 | D:2      | Reached skill level 5 in Armour
  1709 | D:2      | Noticed Natasha
  1715 | D:2      | Killed Natasha
  3207 | D:4      | Found Miriopp's Antique Weapon Shop.
  3330 | D:4      | Found a staircase to the Ecumenical Temple.
  3372 | D:4      | Reached XP level 7. HP: 41/44 MP: 7/7
  3421 | Temple   | Entered the Ecumenical Temple
  3535 | Temple   | Became a worshipper of Cheibriados the Contemplative
  3639 | D:4      | Reached skill level 1 in Dodging
  3714 | D:4      | Reached skill level 1 in Invocations
  4729 | D:4      | Reached skill level 5 in Fighting
  4774 | D:5      | Entered Level 5 of the Dungeon
  5023 | D:5      | Found a radiant altar of Vehumet.
  5161 | D:5      | Noticed Prince Ribbit
  5213 | D:5      | Reached skill level 5 in Maces & Flails
  5391 | D:4      | Bought a flail for 91 gold pieces
  5500 | D:5      | Reached XP level 8. HP: 49/49 MP: 9/9
  5584 | D:5      | Gained mutation: You are agile. (Dex +2) [potion of
                  | mutation]
  5584 | D:5      | Gained mutation: You occasionally shout uncontrollably at
                  | your foes. [potion of mutation]
  5584 | D:5      | Gained mutation: You have a beak for a mouth. [potion of
                  | mutation]
  5597 | D:5      | Killed Prince Ribbit
  5638 | D:5      | Lost mutation: You occasionally shout uncontrollably at
                  | your foes. [potion of mutation]
  5638 | D:5      | Lost mutation: You are agile. (Dex +2) [potion of mutation]
  5638 | D:5      | Gained mutation: You are weak. (Str -2) [potion of
                  | mutation]
  5638 | D:5      | Gained mutation: Your natural rate of healing is unusually
                  | fast. [potion of mutation]
  5680 | D:5      | Found a stormy altar of Qazlal.
  6193 | D:5      | Reached * piety under Cheibriados
  6199 | D:5      | Reached skill level 6 in Fighting
  6482 | D:6      | Slain by a gnoll

Illustrated notes

Levels and vault maps discovered:
D:1:      lightli_arrival_statue_moat, layout_basic,
          dreamdust_ecumenical_altar_angels_and_demons,
          minmay_misc_feat_ornament
D:2:      layout_loops_corners, lemuel_flame_loot_1, uniq_sigmund, uniq_natasha,
          uniq_robin
D:3:      kennysheep_six_static_rooms, layout_basic
D:4:      layout_basic, minmay_temple_entry_large_hall, serial_shops, shop
D:5:      layout_gridville, kennysheep_mini_moat,
          nicolae_qazlal_general_emergency, hex_tiny, uniq_prince_ribbit1
D:6:      layout_gridville, uniq_maggie, uniq_menkaure
Temple:   regret_index_temple_waves

Skill      XL: |  1  2  3  4  5  6  7  8 |
---------------+-------------------------+-----
Armour         | 1 2 3 4 5 |  5.4
Maces & Flails | 1 3 4 5 |  5.9
Dodging        | 2 3 |  3.2
Invocations    | 2 4 |  4.1
Fighting       | 5 6 |  6.4
Crossbows      | |  3.0
Throwing       | |  1.0
Shields        | |  2.1

Action                   |  1- 3 |  4- 6 |  7- 9 || total
-------------------------+-------+-------+-------++-------
Melee: Whip              |       |   125 |   244 ||   369
       Flail             |       |       |    96 ||    96
       Peck              |       |       |    16 ||    16
 Fire: Hand crossbow     |    91 |   116 |    29 ||   236
Evoke: Wand              |       |       |     7 ||     7
  Use: Scroll            |     5 |     4 |     5 ||    14
       Potion            |       |       |     4 ||     4
Armor: Scale mail        |    32 |    79 |   187 ||   298
       Skin              |       |       |     9 ||     9
Dodge: Dodged            |    18 |    48 |   145 ||   211
Block: Buckler           |    10 |    30 |    55 ||    95

Table legend: (Time is in decaauts)
 A = Elapsed time spent in this place.
 B = Non-inter-level travel time spent in this place.
 C = Inter-level travel time spent in this place.
 D = Time resting spent in this place.
 E = Time spent auto-exploring this place.
 F = Levels seen in this place.
 G = Mean time per level.
                   A        B        C        D        E       F      G
               +--------+--------+--------+--------+--------+-----+--------+
         Total |   7290 |   6745 |    545 |    318 |   5045 |   7 | 1041.4 |
       Dungeon |   7144 |   6644 |    500 |    318 |   4958 |   6 | 1190.7 |
        Temple |    146 |    102 |     44 |      0 |     87 |   1 |  146.0 |
               +--------+--------+--------+--------+--------+-----+--------+

Top non-repeatable levels by time:
     D:4: 1928 daAuts
     D:5: 1409 daAuts
     D:2: 1137 daAuts
     D:3: 1076 daAuts
     D:1: 1069 daAuts
     D:6: 522 daAuts
  Temple: 146 daAuts
